Map: Port Aleksander LE

Players

Rail - Winner!

  • Race: Protoss Protoss
  • Spawn Location: 5:00

TRUE

  • Race: Zerg Zerg
  • Spawn Location: 11:00

Event: IEM Season 13: Katowice (2019)

VOD

Have the link to the VOD?

Description

Time

  • Played on: Feb. 26, 2019, 5:09 a.m.
  • Length: 9:43

All games in this series

Show
View Real Time Build Order
Export as new Build Order

Rail Protoss - Winner!

Build Orders: 1 Gate Expand, Oracle Opening, Phoenix Opening, Archon Immortal, Archon Drop 

Get SALT Encoding   

  12  0:00  Probe  
  13  0:12  Probe  
  14  0:19  Pylon  
  14  0:24  Probe  
  15  0:33  Probe  
  15  0:40  Gateway  
  15  0:41  Probe  
  16  0:48  Assimilator  
  17  0:51  Probe  
  18  1:03  Probe  
  19  1:15  Probe  
  20  1:26  Nexus  
  20  1:35  Cybernetics Core  
  20  1:39  Probe  
  21  1:44  Assimilator  
  21  1:51  Probe  
  22  1:55  Pylon  
  22  2:03  Adept, Probe  
  23  2:15  Probe  
  26  2:19  Stargate  
  26  2:26  Probe  
  26  2:28  Warp Gate  
  27  2:33  Adept  
  27  2:34  Probe  
  27  2:35  Probe  
  29  2:42  Probe  
  29  2:43  Probe  
  33  2:53  Probe  
  33  2:54  Probe  
  35  3:02  Phoenix  
  35  3:05  Probe  
  36  3:06  Probe  
  39  3:17  Probe  
  39  3:18  Probe  
  41  3:21  Oracle  
  41  3:27  Pylon  
  41  3:28  Assimilator  
  41  3:29  Probe  
  41  3:30  Probe  
  41  3:33  Assimilator  
  46  3:37  Gateway  
  46  3:43  Probe  
  46  3:45  Probe, Robotics Facility  
  48  3:51  Probe  
  49  3:56  Twilight Council  
  49  3:57  Probe  
  49  3:59  Probe, Pylon  
  50  4:09  Probe  
  52  4:12  Gateway, Probe  
  52  4:15  Gateway  
  53  4:21  Probe  
  54  4:27  Zealot, Warp Prism  
  54  4:31  Pylon  
  56  4:36  Templar Archives  
  58  4:52  Nexus  
  58  5:01  Pylon  
  58  5:04  Shield Battery  
  58  5:05  Immortal  
  58  5:08  Probe x2  
  60  5:19  Pylon  
  64  5:21  High Templar x3  
  64  5:22  High Templar  
  64  5:23  Probe x2  
  64  5:25  Archon x2  
  74  5:30  Pylon  
  74  5:33  Robotics Facility  
  74  5:36  Probe  
  75  5:43  Immortal  
  75  5:44  Charge  
  75  5:47  Probe  
  80  6:04  Probe  
  81  6:06  Probe  
  81  6:10  Immortal, Probe  
  83  6:11  Immortal  
  83  6:13  Sentry  
  83  6:14  Pylon  
  83  6:16  Probe  
  86  6:18  Gateway  
  94  6:25  Gateway  
  94  6:31  Gateway  
  94  6:33  Pylon  
  94  6:38  Immortal, Gateway  
  94  6:40  Pylon  
  94  6:44  Observer  
  99  6:54  Zealot x3  
  99  6:56  Zealot  
  99  7:00  Pylon  
  107  7:08  Pylon  
  107  7:09  Pylon  
  107  7:15  Zealot, High Templar x2  
  109  7:16  Zealot x2  
  109  7:19  Archon  
  109  7:20  Pylon  
  117  7:23  Zealot  
  117  7:27  Zealot  
  121  7:43  Zealot x2  
  121  7:44  Zealot x2  
  123  7:46  Zealot  
  109  7:52  Zealot  
  109  7:53  Zealot x2  
  113  7:58  Immortal  
  113  8:04  Zealot x2  
  113  8:05  Zealot x2  
  113  8:10  Immortal  
  113  8:11  Zealot  
  81  8:27  Immortal  
  81  8:29  Zealot x4  
  81  8:30  Zealot  
  81  8:31  Zealot  
  81  8:34  Sentry, High Templar x3  
  75  8:35  Zealot x3, High Templar  
  75  8:36  Immortal  
  93  8:41  Archon x2  
  93  8:43  Assimilator  
  93  8:44  Assimilator  
  93  8:52  Pylon  
  97  8:56  Sentry, Zealot  
  97  8:57  Zealot  
  97  8:58  Zealot  
  105  9:05  Pylon  
  105  9:07  Sentry, Zealot x3  
  112  9:12  Observer  
  105  9:30  Zealot x3  
  103  9:36  Zealot x2  
  103  9:37  Zealot x2  
Show
View Real Time Build Order
Export as new Build Order

TRUE Zerg 

Build Orders: Hatch First 

Get SALT Encoding   

  12  0:00  Drone  
  13  0:12  Overlord  
  13  0:17  Drone  
  14  0:30  Drone  
  14  0:31  Drone  
  16  0:49  Hatchery  
  15  0:52  Drone  
  15  0:56  Drone  
  17  1:03  Extractor  
  16  1:08  Drone  
  17  1:16  Spawning Pool  
  16  1:18  Drone  
  16  1:23  Drone  
  18  1:28  Drone  
  19  1:38  Drone  
  20  1:50  Drone  
  21  2:01  Hatchery  
  20  2:04  Drone x2  
  22  2:13  Drone x2  
  24  2:21  Queen  
  26  2:26  Overlord  
  26  2:33  Queen  
  28  2:38  Metabolic Boost  
  28  2:44  Zergling x4  
  28  2:47  Drone x2  
  28  2:50  Drone  
  33  2:53  Drone  
  33  2:56  Overlord  
  34  3:04  Drone  
  35  3:07  Spore Crawler  
  33  3:13  Drone x2  
  33  3:15  Drone  
  33  3:17  Drone  
  33  3:18  Queen  
  40  3:22  Queen  
  40  3:23  Drone  
  40  3:25  Drone  
  44  3:30  Queen  
  44  3:33  Drone  
  47  3:36  Overlord  
  47  3:39  Drone  
  47  3:40  Drone  
  49  3:45  Evolution Chamber, Overlord  
  48  3:54  Drone  
  49  4:01  Spore Crawler  
  49  4:02  Drone  
  49  4:03  Drone  
  49  4:04  Drone x2  
  49  4:05  Spore Crawler, Drone x4  
  49  4:07  Drone x2  
  57  4:12  Zerg Melee Weapons Level 1  
  57  4:16  Overlord  
  57  4:23  Extractor  
  56  4:25  Extractor  
  56  4:27  Overlord  
  56  4:28  Drone  
  56  4:30  Overlord  
  56  4:33  Drone  
  56  4:34  Drone x4  
  56  4:35  Drone  
  62  4:39  Drone x3  
  62  4:40  Overlord  
  65  4:47  Lair, Roach Warren  
  65  4:51  Drone  
  66  4:52  Drone  
  66  4:53  Extractor, Drone x2  
  67  5:01  Drone x4  
  67  5:03  Zergling x4  
  67  5:04  Zergling x2  
  67  5:06  Zergling x6  
  77  5:11  Zergling x6  
  77  5:13  Zergling x4  
  82  5:15  Zergling x2  
  82  5:16  Zergling x4  
  82  5:18  Zergling x2  
  86  5:23  Queen  
  86  5:27  Overlord x3  
  88  5:37  Queen  
  87  5:50  Roach x11  
  87  5:53  Roach  
  107  5:57  Roach x2  
  109  6:04  Overlord  
  109  6:08  Zerg Missile Weapons Level 1  
  109  6:11  Glial Reconstitution  
  109  6:24  Roach x6  
  109  6:25  Overlord  
  120  6:27  Drone  
  120  6:28  Overlord  
  120  6:30  Overlord  
  121  6:37  Overlord  
  121  6:47  Pneumatized Carapace  
  121  6:53  Extractor, Drone  
  121  6:54  Drone x6  
  126  6:55  Roach x4  
  126  6:57  Roach  
  137  7:02  Overseer, Hatchery  
  137  7:03  Overlord  
  140  7:08  Roach x3  
  140  7:12  Roach x3  
  140  7:14  Roach  
  150  7:18  Roach  
  150  7:20  Overlord x2  
  152  7:22  Overlord  
  152  7:23  Roach  
  152  7:25  Roach  
  152  7:27  Roach  
  152  7:28  Roach  
  160  7:39  Roach x3  
  160  7:40  Roach  
  160  7:41  Roach x3  
  160  7:43  Roach  
  160  7:44  Roach  
  160  7:46  Roach  
  160  7:47  Roach  
  147  7:51  Roach x2  
  147  7:52  Roach  
  147  7:54  Roach  
  147  7:57  Zergling x2  
  141  8:00  Zergling x2  
  141  8:03  Roach  
  125  8:06  Zergling x6  
  125  8:08  Zergling x2  
  125  8:09  Zergling x4  
  125  8:10  Zergling x2  
  118  8:15  Zergling x2  
  118  8:19  Zergling x4  
  98  8:21  Zergling x2  
  98  8:23  Zergling x2  
  98  8:26  Zergling x4  
  83  8:31  Zergling x2  
  78  8:34  Zergling x4  
  78  8:39  Zergling x2  
  81  8:42  Ravager  
  81  8:43  Ravager x7  
  81  8:44  Roach  
  81  8:45  Roach  
  81  8:46  Roach  
  81  8:48  Roach  
  97  8:53  Roach  
  99  8:56  Roach x2  
  99  8:57  Roach  
  105  9:03  Roach  
  105  9:06  Roach x4  
  105  9:08  Roach  
  117  9:10  Roach  
  119  9:17  Roach  
  119  9:22  Roach  
  119  9:23  Roach  

Tags
 
Add a new tag
Caveats
  • Supply blocks, unpowered buildings, or Contaminate may cause inaccurate times.
  • Supply counts are checked every 10 seconds.